 Dungeon Crawl Stone Soup version 0.25.0-11-g1f837a76a1 (webtiles) character file.

Game seed: 2393099164690492038

560 Harunobu the Skirmisher (level 7, -3/59 HPs)
             Began as a Demonspawn Berserker on June 27, 2020.
             Was a Priest of Trog.
             Slain by a worker ant (5 damage)
             ... on level 6 of the Dungeon.
             The game lasted 00:08:47 (5768 turns).

Harunobu the Skirmisher (Demonspawn Berserker)      Turns: 5768, Time: 00:08:48

Health: -3/59      AC:  5    Str: 19    XL:     7   Next: 9%
Magic:  7/7        EV: 14    Int:  9    God:    Trog [***...]
Gold:   242        SH:  0    Dex: 12    Spells: 6/6 levels left

rFire    x . .     SeeInvis +   y - +3 dagger (speed)
rCold    + . .     Gourm    .   (no shield)
rNeg     . . .     Faith    .   e - +0 robe (curse)
rPois    .         Spirit   .   q - +0 helmet
rElec    .         Reflect  .   (no cloak)
rCorr    .         Harm     .   (no gloves)
MR       .....                  (no boots)
Stlth    +.........             r - amulet of inaccuracy (curse)
HPRegen  0.19/turn              D - ring of ice
MPRegen  0.10/turn              w - ring of see invisible

@: berserk cooldown
A: hooves 1, icy blue scales 1, powered by death 1
a: Berserk, Trog's Hand, Renounce Religion


You were on level 6 of the Dungeon.
You worshipped Trog.
Trog was most pleased with you.
You were hungry.

You visited 1 branch of the dungeon, and saw 6 of its levels.

You collected 242 gold pieces.

Inventory:

Hand Weapons
 a - a +0 morningstar
 k - a +3 dagger of freezing
 v - a +1 hand axe of freezing
 y - a +3 dagger of speed (weapon)
 C - the +10 rapier "Ultimatum" {freeze, rN+++ Str-2 Int+8 Dex-2, unknown}
   (You found it on level 4 of the Dungeon)

   It has been specially enchanted to freeze those struck by it, causing extra
   injury to most foes and up to half again as much damage against particularly
   susceptible opponents.
   It can also slow down cold-blooded creatures.
   It affects your strength (-2).
   It affects your intelligence (+8).
   It affects your dexterity (-2).
   It renders you almost immune to negative energy.
Armour
 e - a cursed +0 robe (worn)
 q - a +0 helmet (worn)
Jewellery
 o - an uncursed ring of magical power
 r - a cursed amulet of inaccuracy (around neck)
 w - a ring of see invisible (right hand)
 z - an uncursed ring of stealth
 D - a ring of ice (left hand)
Wands
 b - a wand of enslavement (9)
 E - a wand of random effects (12)
Scrolls
 f - 10 scrolls of identify
 i - a scroll of fear {unknown}
 j - 2 scrolls of amnesia
 l - a scroll of enchant weapon
 n - a scroll of remove curse {unknown}
 u - a scroll of vulnerability {unknown}
 x - a scroll of enchant armour {unknown}
 A - 2 scrolls of blinking
Potions
 d - 2 potions of heal wounds {unknown}
 g - 3 potions of berserk rage
 h - 2 potions of flight {unknown}
 m - a potion of cancellation {unknown}
 p - a potion of brilliance {unknown}
 s - 2 potions of curing {unknown}
 t - a potion of magic {unknown}
 B - a potion of resistance {unknown}
 F - a potion of lignification {unknown}
Comestibles
 c - 7 rations


   Skills:
 * Level 6.5 Fighting
 - Level 2.6 Axes
 + Level 2.2 Armour
 + Level 4.5 Dodging


You had 6 spell levels left.
You didn't know any spells.
Your spell library was empty.

Dungeon Overview and Level Annotations

Branches:
Dungeon (6/15)
 Temple: D:4-7

Altars:
Hepliaklqana
Ru

Shops:
D:4 [

Annotations:
D:5 Dowan, Duvessa, Sigmund


Innate Abilities, Weirdness & Mutations

You have large cloven feet.
You are partially covered in icy blue scales. (AC +2)
You regenerate a little health from kills.


Message History

There is a stone staircase leading down here.
Duvessa hits you with a +0 short sword.
* * * LOW HITPOINT WARNING * * *
Sigmund closely misses you. Duvessa misses you. Dowan barely misses you.
You climb downwards.
A worker ant comes into view.
The worker ant twitches its antennae in your direction.
There is a stone staircase leading up here.
Okay, then.
The worker ant waves its antennae.
A shadow imp comes into view.
You feel yourself speed up.
The shadow imp shouts!
The worker ant bites you.
* * * LOW HITPOINT WARNING * * *
The shadow imp hits you.
* * * LOW HITPOINT WARNING * * *
The worker ant misses you. The worker ant bites you.
You die...

..... # #...#
#.##...## ##
##.#.....## ...
..........# ....
#......# .....
##.5.#.#######......
##a##......<.......
#@##########......
#........ .....
#..###### .... #..#
... #..# ## ...#
##.# #.


You could see a worker ant and a shadow imp.

Vanquished Creatures
  An ogre (D:4)
  A howler monkey (D:4)
  2 orc priests
  An iguana (D:5)
  2 hounds
  An orc wizard (D:5)
  3 worker ants (D:4)
  A hound skeleton (D:4)
  4 adders
  3 oozes
  2 worms
  An adder skeleton (D:5)
  2 leopard geckos
  17 orcs
  6 bats
  2 giant cockroaches
  9 goblins
  6 hobgoblins
  17 jackals
  10 kobolds
  2 quokkas
  2 ball pythons (D:5)
  3 frilled lizards
  A giant cockroach zombie (D:5)
  6 rats
105 creatures vanquished.

Notes
Turn   | Place    | Note
-------+----------+-------------------------------------------
     0 | D:1      | Harunobu the Demonspawn Berserker began the quest for the
                  | Orb.
     0 | D:1      | Reached XP level 1. HP: 18/18 MP: 1/1
   351 | D:1      | Gained mutation: You have large cloven feet. [demonic
                  | ancestry]
   351 | D:1      | Reached XP level 2. HP: 9/24 MP: 2/2
  1501 | D:2      | Reached XP level 3. HP: 30/30 MP: 3/3
  1512 | D:2      | Reached skill level 4 in Fighting
  1787 | D:2      | Reached ** piety under Trog
  2255 | D:2      | Gained mutation: You regenerate a little health from kills.
                  | [demonic ancestry]
  2255 | D:2      | Reached XP level 4. HP: 26/38 MP: 4/4
  2777 | D:3      | Reached skill level 5 in Fighting
  2777 | D:3      | Reached XP level 5. HP: 27/44 MP: 5/5
  3110 | D:3      | Found a hazy altar of Hepliaklqana.
  3243 | D:3      | Found a sacrificial altar of Ru.
  3900 | D:4      | Found Vyroby's Antique Armour Boutique.
  3903 | D:4      | Noticed an ogre
  3915 | D:4      | Killed an ogre
  3915 | D:4      | Reached XP level 6. HP: 8/52 MP: 6/6
  4692 | D:4      | Reached skill level 6 in Fighting
  4842 | D:4      | Got a fading rapier
  4858 | D:4      | Reached *** piety under Trog
  5239 | D:5      | Entered Level 5 of the Dungeon
  5385 | D:5      | Gained mutation: You are partially covered in icy blue
                  | scales. (AC +2) [demonic ancestry]
  5385 | D:5      | Reached XP level 7. HP: 43/59 MP: 7/7
  5734 | D:5      | Noticed Sigmund
  5736 | D:5      | Noticed Duvessa
  5739 | D:5      | Noticed Dowan
  5764 | D:6      | HP: 2/59 [shadow imp (3)]
  5768 | D:6      | Slain by a worker ant

Illustrated notes

Levels and vault maps discovered:
D:1:      minmay_arrival_up_and_down, layout_loops_ring, minmay_statues_item
D:2:      layout_loops_corners, supply_closet_lemuel, minmay_vboxes
D:3:      layout_loops_ring, nicolae_overflow_hidden_temple,
          nicolae_ru_awakened_eye, hex_tiny
D:4:      layout_rooms, serial_shops, shop, first_ration
D:5:      layout_rooms, kennysheep_mini, uniq_duvessa, uniq_sigmund
D:6:      layout_loops_ring, vehumet_crystals, minmay_pentangle,
          uniq_blork_the_orc

Skill      XL: |  1  2  3  4  5  6 |
---------------+-------------------+-----
Dodging        | 2 3 4 |  4.5
Fighting       | 4 5 6 |  6.5
Armour         | 2 |  2.2
Axes           | |  2.6

Action                   |  1- 3 |  4- 6 |  7- 9 || total
-------------------------+-------+-------+-------++-------
Melee: Hand axe          |    30 |    32 |       ||    62
       Dagger            |    83 |   202 |    31 ||   316
       Kick              |    18 |    50 |     5 ||    73
Invok: Berserk           |     1 |     3 |     1 ||     5
  Use: Scroll            |       |     4 |       ||     4
 Stab: Sleeping          |     1 |       |       ||     1
  Eat: Chunk             |     5 |     9 |     1 ||    15
       Ration            |       |     1 |       ||     1
Armor: Robe              |    37 |    32 |     2 ||    71
       Animal skin       |     1 |       |       ||     1
Dodge: Dodged            |    87 |   128 |    24 ||   239
